 Dungeon Crawl Stone Soup version 0.28-a0-850-g09de17f5b5 (webtiles) character file.

Game seed: 5054080240271000952

188 Sabo the Covered (level 6, 0/48 HPs)
             Began as a Formicid Fighter on Nov 13, 2021.
             Was a Follower of Fedhas.
             Slain by Ijyb (5 damage)
             ... on level 3 of the Dungeon.
             The game lasted 00:09:46 (2486 turns).

Sabo the Covered (Formicid Fighter)                 Turns: 2486, Time: 00:09:51

Health: 0/48       AC:  8    Str: 22    XL:     6   Next: 0%
Magic:  6/6        EV: 10    Int:  7    God:    Fedhas [*.....]
Gold:   73         SH:  0    Dex: 11    Spells: 5/5 levels left

rFire   . . .      SeeInvis +   a - +0 war axe
rCold   . . .      Faith    .   c - +0 buckler
rNeg    . . .      Spirit   .   b - +0 scale mail
rPois   .          Reflect  .   (helmet unavailable)
rElec   .          Harm     .   (no cloak)
rCorr   .          Rampage  .   g - +0 pair of gloves
Will    .....                   (no boots)
Stlth   ..........              (no amulet)
HPRegen 0.16/turn               (no ring)
MPRegen 0.10/turn               (no ring)

@: confused, lethally poisoned (0 -> -10), ambrosia-drunk
A: permanent stasis, dig shafts and tunnels, antennae 3, four strong arms
a: Dig, Shaft Self, Renounce Religion


You were on level 3 of the Dungeon.
You worshipped Fedhas.
Fedhas was aware of your devotion.
You visited 1 branch of the dungeon, and saw 3 of its levels.

You collected 73 gold pieces.

Inventory:

Hand Weapons
 a - a +0 war axe (weapon)
 n - a +0 scythe
Missiles
 i - 16 sling bullets
Armour
 b - a +0 scale mail (worn)
 c - a +0 buckler (worn)
 g - a +0 pair of gloves (worn)
 o - a +2 robe of willpower
Scrolls
 e - a scroll of acquirement {unknown}
 f - a scroll of magic mapping
 k - a scroll of identify {unknown}
 p - a scroll of teleportation {unknown}
Potions
 d - a potion of might
 h - a potion of attraction {unknown}
 j - 2 potions of heal wounds {unknown}
 l - 2 potions of lignification {unknown}


   Skills:
 + Level 3.9 Fighting
 + Level 4.0 Axes
 + Level 4.3 Armour
 + Level 1.0 Dodging
 + Level 0.3 Stealth
 + Level 4.1 Shields


You had 5 spell levels left.
You didn't know any spells.
Your spell library contained the following spells:

 Spells                   Type           Power      Damage    Failure   Level
 Apportation              Tloc           0%         N/A       75%         1
 Alistair's Intoxication  Tmut/Pois      0%         N/A       100%        5


Dungeon Overview and Level Annotations

Branches:
Dungeon (3/15)

Altars:
Fedhas

Annotations:
D:3 Ijyb


Innate Abilities, Weirdness & Mutations

You cannot be hasted, slowed, berserked, paralysed or teleported.
You can dig through walls and to a lower floor.
You have a pair of large antennae on your head. (SInv)
Your four strong arms can wield two-handed weapons with a shield.


Message History

You feel very sick. Ijyb closely misses you.
You hit Ijyb but do no damage.
Ijyb is severely wounded.
You feel very sick. Ijyb barely misses you.
Ijyb zaps a wand.
The puff of flame hits you.
You hit Ijyb.
Ijyb is severely wounded.
You feel sick.
Ijyb zaps a wand.
The puff of flame hits you but does no damage.
You hit Ijyb but do no damage.
Ijyb is severely wounded.
You feel sick. Ijyb hits you but does no damage.
You are more poisoned.
You barely miss Ijyb.
Ijyb is severely wounded.
You feel sick. You block Ijyb's attack. Ijyb barely misses you.
You hit Ijyb but do no damage.
Ijyb is severely wounded.
You feel sick.
Ijyb zaps a wand.
The puff of flame hits you.
* * * LOW HITPOINT WARNING * * *
You hit Ijyb but do no damage.
Ijyb is severely wounded.
You feel sick.
Ijyb zaps a wand.
The puff of flame hits you but does no damage.
You barely miss Ijyb.
Ijyb is severely wounded.
You feel sick.
Ijyb hits you with a +0 dagger of venom.
* * * LOW HITPOINT WARNING * * *
Ijyb hits you but does no damage.
You are lethally poisoned!
It was a potion of ambrosia.
You are confused.
You feel invigorated.
* * * LOW HITPOINT WARNING * * *
You feel very sick.
Ijyb hits you with a +0 dagger of venom.
You die...
Fedhas appreciates your contribution to the ecosystem.

#.# #........
#<#####.#...#
#.........#
#..........#...#
#########..##.##
#..# .### #..#
<.# ###..####g#
#........@#
#.###.###.# #.
#.# #.# # #..
... ..###.## #.#
#.# ..# #.# .##
#.#


You could see Ijyb.

Vanquished Creatures
  Sigmund (D:2)
  An adder (D:2)
  An endoplasm (D:2)
  3 giant cockroaches
  A goblin (D:1)
  3 hobgoblins (D:2)
  8 jackals
  4 ball pythons (D:2)
  4 bats
  2 kobolds (D:2)
  4 rats
32 creatures vanquished.

Notes
Turn   | Place    | Note
-------+----------+-------------------------------------------
     0 | D:1      | Sabo the Formicid Fighter began the quest for the Orb.
     0 | D:1      | Reached XP level 1. HP: 18/18 MP: 1/1
   393 | D:1      | Reached XP level 2. HP: 22/24 MP: 2/2
  1426 | D:2      | Reached XP level 3. HP: 29/29 MP: 3/3
  1796 | D:2      | Found a faded altar of an unknown god.
  1798 | D:2      | Noticed Sigmund
  1825 | D:2      | Killed Sigmund
  1826 | D:2      | Reached skill level 1 in Dodging
  1826 | D:2      | Reached XP level 4. HP: 25/37 MP: 4/4
  1826 | D:2      | Reached XP level 5. HP: 28/42 MP: 5/5
  1933 | D:2      | Prayed at the altar of an unknown god.
  1933 | D:2      | Became a worshipper of Fedhas Madash
  1933 | D:2      | Reached * piety under Fedhas
  2086 | D:2      | Reached XP level 6. HP: 42/48 MP: 6/6
  2469 | D:3      | Noticed Ijyb
  2486 | D:3      | Slain by Ijyb

Illustrated notes

Levels and vault maps discovered:
D:1:      lightli_arrival_lavapool, layout_basic
D:2:      layout_basic, ebering_ecumenical_altar_box,
          kennysheep_generic_room_13, uniq_sigmund
D:3:      layout_loops_ring, general_overflow_altar,
          minmay_fractal_squares_gapless_5, uniq_ijyb, uniq_jessica

Skill      XL: |  1  2  3 |
---------------+----------+-----
Axes           | 4 |  4.0
Armour         | 4 |  4.3
Dodging        | 1 |  1.0
Shields        | 4 |  4.1
Fighting       | |  3.9
Stealth        | |  0.3

Action                   |  1- 3 |  4- 6 || total
-------------------------+-------+-------++-------
Melee: War axe           |    97 |    23 ||   120
 Abil: Dig               |     2 |     4 ||     6
  Use: Potion            |     1 |     1 ||     2
       Scroll            |       |     1 ||     1
Armor: Scale mail        |    42 |    10 ||    52
Dodge: Dodged            |    47 |     8 ||    55
Block: Buckler           |    24 |     3 ||    27

Table legend: (Time is in decaauts)
 A = Elapsed time spent in this place.
 B = Non-inter-level travel time spent in this place.
 C = Inter-level travel time spent in this place.
 D = Time resting spent in this place.
 E = Time spent auto-exploring this place.
 F = Levels seen in this place.
 G = Mean time per level.
                   A        B        C        D        E       F      G
               +--------+--------+--------+--------+--------+-----+--------+
         Total |   2536 |   2536 |      0 |    558 |      0 |   3 |  845.3 |
       Dungeon |   2536 |   2536 |      0 |    558 |      0 |   3 |  845.3 |
               +--------+--------+--------+--------+--------+-----+--------+

Top non-repeatable levels by time:
     D:2: 1475 daAuts
     D:1: 1022 daAuts
     D:3: 38 daAuts
